 Dungeon Crawl Stone Soup version 0.31-a0-1072-g202bf7ea07 (webtiles) character file.

Game seed: 1933277841567452441

198 kyuthecoffin the Poker (level 5, -1/42 HPs)
             Began as a Merfolk Fighter on Nov 26, 2023.
             Slain by a gnoll
             ... wielding a +0 spear
              (2 damage)
             ... on level 3 of the Dungeon.
             The game lasted 00:12:05 (2507 turns).

kyuthecoffin the Poker (Merfolk Fighter)            Turns: 2507, Time: 00:12:06

Health: -1/42      AC:  6    Str: 18    XL:     5   Next: 76%
Magic:  5/5        EV:  9    Int:  7    God:
Gold:   173        SH:  5    Dex: 14    Spells: 4/4 levels left

rFire   . . .        a - +0 trident
rCold   . . .        c - +0 buckler
rNeg    . . .        b - +0 scale mail
rPois   .            (no helmet)
rElec   .            (no cloak)
rCorr   .            (no gloves)
SInv    .            (no boots)
Will    .....        (no amulet) Stlth
                     l - ring of flight
HPRegen 0.27/turn    (no ring)
MPRegen 0.09/turn

%: no passive effects
@: flying
A: (nimble swimmer 2), mertail
a: no special abilities


You were on level 3 of the Dungeon.
You visited 1 branch of the dungeon, and saw 3 of its levels.

You collected 173 gold pieces.

Inventory:

Hand Weapons
 a - a +0 trident (weapon)
 s - a +0 dagger
 u - a +3 dagger
 C - a +0 whip of draining
Missiles
 h - 37 stones (quivered)
 y - 2 boomerangs
 D - 5 poisoned darts
Armour
 b - a +0 scale mail (worn)
 c - a +0 buckler (worn)
Jewellery
 l - a ring of flight (left hand)
Talismans
 r - a maw talisman
Wands
 n - a wand of paralysis (23)
 q - a wand of polymorph (8)
Scrolls
 e - a scroll of poison {unknown}
 f - a scroll of noise {unknown}
 g - a scroll of vulnerability {unknown}
 j - a scroll of immolation {unknown}
 k - 2 scrolls of teleportation
 m - a scroll of brand weapon {unknown}
 p - a scroll of amnesia
 t - a scroll of silence {unknown}
 v - a scroll of enchant armour {unknown}
 z - a scroll of blinking {unknown}
Potions
 d - a potion of might
 i - 2 potions of curing
 o - a potion of brilliance
 w - a potion of ambrosia {unknown}
 x - a potion of attraction {unknown}
 A - a potion of cancellation {unknown}
 B - a potion of invisibility {unknown}


   Skills:
 + Level 3.6 Fighting
 + Level 4.3 Polearms
 + Level 3.4 Armour
 + Level 1.6 Dodging
 + Level 0.2 Stealth
 + Level 3.7 Shields


You had 4 spell levels left.
You didn't know any spells.
Your spell library contained the following spells:

 Spells                   Type           Power      Damage    Failure   Level
 Brom's Barrelling Bould  Conj/Erth      0%         2d3       100%        4
 Fireball                 Conj/Fire      0%         3d3       100%        5
 Iskenderun's Battlesphe  Conj           0%         2d6       100%        5
 Conjure Ball Lightning   Conj/Air       0%         3x3d6     100%        6
 Orb of Destruction       Conj           0%         9d5       100%        7


Dungeon Overview and Level Annotations

Branches:
Dungeon (3/15)

Altars:


Innate Abilities, Weirdness & Mutations

((You are very nimble when in or above water. (Stealth+, EV+, Speed+++)))
Your lower body shifts to a powerful aquatic tail in water.


Message History

You barely miss the gnoll.
The gnoll is moderately wounded.
You block the gnoll's attack. The gnoll closely misses you.
You barely miss the gnoll.
The gnoll is moderately wounded.
The gnoll hits you with a +0 spear. The gnoll hits you with a +0 flail.
The gnoll hits you but does no damage.
You barely miss the gnoll.
The gnoll is moderately wounded.
You block the gnoll's attack. The gnoll hits you with a +0 spear.
* * * LOW HITPOINT WARNING * * *
You barely miss the gnoll.
The gnoll is moderately wounded.
The gnoll hits you with a +0 flail.
* * * LOW HITPOINT WARNING * * *
The gnoll closely misses you.
The gnoll throws a poisoned dart.
The poisoned dart closely misses you. The gnoll closely misses you.
Things that are here:
a +0 club; a +0 leather armour The gnoll barely misses you.
You puncture the gnoll!
The gnoll is severely wounded.
The gnoll hits you but does no damage. The gnoll barely misses you.
You hit the gnoll.
The gnoll is severely wounded.
The gnoll closely misses you.
You hit the gnoll but do no damage.
The gnoll is severely wounded.
The gnoll barely misses you. The gnoll closely misses you.
You hit the gnoll.
You kill the gnoll!
The gnoll hits you from afar with a +0 spear.
* * * LOW HITPOINT WARNING * * *
Your life force feels restored.
The gnoll hits you with a +0 spear.
* * * LOW HITPOINT WARNING * * *
Items here: ( )))))))) [[ †††††††††.
You completely miss the gnoll. The gnoll hits you with a +0 spear.
You die...

.......#
..).[..#
$......###
.........#####.#
...............#
#.=.# # # #...#
#.. #.####.g.#
... #....#@..#
#.. #))#### #..
##)..# #.. ###.#
### #..#
##########
##..##
#.....#...
#....#.....#...
###.......#...
#......##..


You could see a gnoll.

Vanquished Creatures
  Jessica (D:3)
  Robin (D:3)
  2 gnolls (D:3)
  5 adders
  2 dart slugs
  A worm (D:2)
  3 orcs (D:3)
  11 ball pythons
  7 bats
  3 endoplasms
  4 giant cockroaches
  16 goblins
  7 hobgoblins
  6 jackals
  4 kobolds
  A quokka (D:2)
  3 frilled lizards
  5 rats
82 creatures vanquished.

Notes
Turn   | Place    | Note
-------+----------+-------------------------------------------
     0 | D:1      | kyuthecoffin the Merfolk Fighter began the quest for the
                  | Orb.
     0 | D:1      | Reached XP level 1. HP: 18/18 MP: 1/1
   145 | D:1      | Reached XP level 2. HP: 23/24 MP: 2/2
   508 | D:1      | Reached skill level 3 in Polearms
   542 | D:1      | Reached XP level 3. HP: 29/29 MP: 3/3
   968 | D:2      | Reached skill level 1 in Dodging
  1157 | D:2      | Reached XP level 4. HP: 35/35 MP: 4/4
  2127 | D:3      | Noticed Jessica
  2136 | D:3      | Killed Jessica
  2194 | D:3      | Reached XP level 5. HP: 19/41 MP: 5/5
  2320 | D:3      | Noticed Robin
  2348 | D:3      | Reached skill level 4 in Polearms
  2373 | D:3      | Killed Robin
  2506 | D:3      | HP: 1/42 [gnoll/+0 spear (5)]
  2507 | D:3      | Slain by a gnoll

Illustrated notes

Levels and vault maps discovered:
D:1:      ncdulo_halloftheorcs, layout_loops_cross, minmay_misc_feat_square
D:2:      layout_basic, minmay_randomly_rotated_circles
D:3:      layout_basic, minmay_ruptured, uniq_robin, uniq_jessica

Skill      XL: |  1  2  3  4  5 |
---------------+----------------+-----
Polearms       | 3 4 |  4.3
Dodging        | 1 |  1.6
Armour         | 3 |  3.4
Fighting       | |  3.6
Stealth        | |  0.2
Shields        | |  3.7

Action                     |  1- 3 |  4- 6 || total
---------------------------+-------+-------++-------
  Melee: Trident           |   128 |   176 ||   304
  Throw: Stone             |       |     1 ||     1
    Use: Scroll            |       |     5 ||     5
         Potion            |       |     1 ||     1
 Armour: Scale mail        |   115 |   137 ||   252
         Skin              |       |     6 ||     6
  Dodge: Dodged            |    74 |   109 ||   183
  Block: Buckler           |    37 |    63 ||   100

Table legend: (Time is in decaauts)
 A = Elapsed time spent in this place.
 B = Non-inter-level travel time spent in this place.
 C = Inter-level travel time spent in this place.
 D = Time resting spent in this place.
 E = Time spent auto-exploring this place.
 F = Levels seen in this place.
 G = Mean time per level.
                   A        B        C        D        E       F      G
               +--------+--------+--------+--------+--------+-----+--------+
         Total |   2557 |   2557 |      0 |    244 |   1114 |   3 |  852.3 |
       Dungeon |   2557 |   2557 |      0 |    244 |   1114 |   3 |  852.3 |
               +--------+--------+--------+--------+--------+-----+--------+

Top non-repeatable levels by time:
     D:2: 1158 daAuts
     D:1: 917 daAuts
     D:3: 482 daAuts
